 Dungeon Crawl Stone Soup version 0.30-a0-651-g0755cc6dcf (webtiles) character file.

Game seed: 13649851502764517575

26 Citaku the Covered (level 2, -8/27 HPs)
             Began as a Minotaur Fighter on Jan 17, 2023.
             Mangled by a gnoll
             ... wielding a +3 halberd
              (11 damage)
             ... on level 2 of the Dungeon.
             The game lasted 00:01:00 (893 turns).

Citaku the Covered (Minotaur Fighter)                Turns: 893, Time: 00:01:00

Health: -8/27      AC:  7    Str: 20    XL:     2   Next: 89%
Magic:  1/1        EV:  9    Int:  5    God:
Gold:   40         SH:  4    Dex:  9    Spells: 1/1 levels left

rFire   . . .      SeeInvis .    a - +0 war axe
rCold   . . .      Faith    .    c - +0 buckler
rNeg    . . .      Spirit   .    b - +0 scale mail
rPois   .          Reflect  .    (helmet restricted)
rElec   .          Harm     .    (no cloak)
rCorr   .          Rampage  .    (no gloves)
Will    .....                    (no boots) Stlth
                                 (no amulet)
HPRegen 0.24/turn                (no ring)
MPRegen 0.07/turn                (no ring)

@: mighty
A: horns 2, retaliatory headbutt
a: no special abilities


You were on level 2 of the Dungeon.
You visited 1 branch of the dungeon, and saw 2 of its levels.

You collected 40 gold pieces.

Inventory:

Hand Weapons
 a - a +0 war axe (weapon)
Armour
 b - a +0 scale mail (worn)
 c - a +0 buckler (worn)
Jewellery
 j - an amulet of the acrobat
Scrolls
 e - a scroll of fog {unknown}
 g - a scroll of identify {unknown}
 h - a scroll of poison {unknown}
 i - a scroll of blinking {unknown}
Potions
 f - a potion of curing {unknown}
 k - a potion of degeneration {unknown}


   Skills:
 + Level 3.9 Fighting
 * Level 3.0 Axes
 * Level 4.2 Armour
 + Level 3.9 Shields


You had one spell level left.
You didn't know any spells.
Your spell library was empty.

Dungeon Overview and Level Annotations

Branches:
Dungeon (2/15)

Altars:


Innate Abilities, Weirdness & Mutations

You have a pair of horns on your head.
You reflexively headbutt those who attack you in melee.


Message History

The gnoll hits you with a +0 whip.
You barely miss the gnoll.
The gnoll is heavily wounded.
The gnoll closely misses you. The gnoll barely misses you.
You hit the gnoll. You headbutt the gnoll.
You kill the gnoll!
The gnoll hits you but does no damage.
Your Axes skill increases to level 3!
The gnoll hits you from afar with a +3 halberd!
Ouch! That really hurt!
* * * LOW HITPOINT WARNING * * *
The gnoll hits you with a +0 spear.
* * * LOW HITPOINT WARNING * * *
You see here a +0 whip.
You are too injured to fight recklessly!
You are too injured to fight recklessly!
You are too injured to fight recklessly!
You are too injured to fight recklessly!
You are too injured to fight recklessly!
You are too injured to fight recklessly!
You are too injured to fight recklessly!
You are too injured to fight recklessly!
You are too injured to fight recklessly!
You are too injured to fight recklessly!
You are too injured to fight recklessly!
You are too injured to fight recklessly!
You are too injured to fight recklessly!
You are too injured to fight recklessly!
You feel very mighty all of a sudden. The gnoll barely misses you.
You block the gnoll's attack.
You hit the gnoll.
The gnoll is lightly wounded.
The gnoll hits you from afar with a +3 halberd.
* * * LOW HITPOINT WARNING * * *
You block the gnoll's attack. The gnoll hits you but does no damage.
The gnoll barely misses you. You block the gnoll's attack.
You slash the gnoll!
The gnoll is severely wounded.
You hit the gnoll. The gnoll hits you with a +3 halberd!
You die...

#...###..###
#.#.........
#.#.###..... #.#.#
#.....
#######.#†###.....
#..........##.....
######.............#...
#....g)#####.#..###....
#.####@# #.#..###.#.#
#g# #.#......... #g#
#.##.###.#.# #.#
#.##.###.... #.#
#.##....##.# #.# ####.
#†# #.. #.##.# ###
#.##.# .#####.##..


You could see 3 gnolls.

Vanquished Creatures
  A gnoll (D:2)
  2 ball pythons (D:1)
  2 bats
  3 endoplasms
  A goblin (D:1)
  A hobgoblin (D:1)
  5 frilled lizards
  A kobold (D:1)
  A rat (D:1)
17 creatures vanquished.

Notes
Turn   | Place    | Note
-------+----------+-------------------------------------------
     0 | D:1      | Citaku the Minotaur Fighter began the quest for the Orb.
     0 | D:1      | Reached XP level 1. HP: 19/19 MP: 0/0
   214 | D:1      | Reached XP level 2. HP: 27/27 MP: 1/1
   356 | D:1      | Reached skill level 4 in Armour
   893 | D:2      | Mangled by a gnoll

Illustrated notes

Levels and vault maps discovered:
D:1:      co_arrival_random_square_maze, layout_loops_ring,
          kennysheep_nondescript
D:2:      layout_loops_ring, hellmonk_ecumenical_altar_heavens_door,
          minmay_quantized

Skill      XL: |  1  2 |
---------------+-------+-----
Armour         | 4 |  4.2
Axes           | 3 |  3.0
Fighting       | |  3.9
Shields        | |  3.9

Action                   || total
-------------------------++-------
Melee: War axe           ||    29
       Headbutt          ||     2
  Use: Potion            ||     1
Armor: Scale mail        ||    15
Dodge: Dodged            ||    15
Block: Buckler           ||     9

Table legend: (Time is in decaauts)
 A = Elapsed time spent in this place.
 B = Non-inter-level travel time spent in this place.
 C = Inter-level travel time spent in this place.
 D = Time resting spent in this place.
 E = Time spent auto-exploring this place.
 F = Levels seen in this place.
 G = Mean time per level.
                   A        B        C        D        E       F      G
               +--------+--------+--------+--------+--------+-----+--------+
         Total |    904 |    850 |     54 |      0 |    750 |   2 |  452.0 |
       Dungeon |    904 |    850 |     54 |      0 |    750 |   2 |  452.0 |
               +--------+--------+--------+--------+--------+-----+--------+

Top non-repeatable levels by time:
     D:1: 790 daAuts
     D:2: 114 daAuts
